 Dungeon Crawl Stone Soup version 0.27.1-33-g824d729ab1 (webtiles) character file.

Game seed: 17411082817411041895

20 zeram the Grave Robber (level 2, -2/36 HPs)
             Began as a Troll Necromancer on Nov 26, 2021.
             Slain by a phantom (5 damage)
             ... on level 2 of the Dungeon.
             The game lasted 00:01:38 (1200 turns).

zeram the Grave Robber (Troll Necromancer)          Turns: 1200, Time: 00:01:39

Health: -2/36      AC:  4    Str: 15    XL:     2   Next: 58%
Magic:  2/2        EV: 10    Int: 11    God:
Gold:   17         SH:  0    Dex: 10    Spells: 2/3 levels left

rFire    . . .     SeeInvis .   c - +0 club
rCold    . . .     Faith    .   (no shield)
rNeg     . . .     Spirit   .   a - +0 robe
rPois    .         Reflect  .   (helmet restricted)
rElec    .         Harm     .   (no cloak)
rCorr    .         Rampage  .   (gloves unavailable)
Will     .....                  (boots unavailable)
Stlth    ..........             (no amulet)
HPRegen  1.12/turn              (no ring)
MPRegen  0.08/turn              (no ring)

@: berserking (expiring), very quick
A: large, unfitting armour, claws 3, regeneration 1, shaggy fur 1, tough skin 1
a: no special abilities


You were on level 2 of the Dungeon.
You visited 1 branch of the dungeon, and saw 2 of its levels.

You collected 17 gold pieces.

Inventory:

Hand Weapons
 c - a +0 club (weapon)
Armour
 a - a +0 robe (worn)
Scrolls
 b - 2 scrolls of teleportation {unknown}
 d - a scroll of fog {unknown}
 e - a scroll of blinking {unknown}
 f - a scroll of enchant weapon {unknown}
 g - a scroll of fear {unknown}
 j - a scroll of summoning {unknown}
Potions
 i - a potion of curing {unknown}


   Skills:
 + Level 0.3 Maces & Flails
 + Level 1.8 Dodging
 - Level 1.0 Stealth
 - Level 1.2 Spellcasting
 + Level 3.7 Necromancy


You had 2 spell levels left.
You knew the following spells:

 Your Spells              Type           Power      Damage    Failure   Level
a - Pain                  Necr           36%        1d5       7%          1

Your spell library contained the following spells:

 Spells                   Type           Power      Damage    Failure   Level
 Animate Skeleton         Necr           18%        N/A       7%          1
 Vampiric Draining        Necr           4%         2d6       21%         3
 Animate Dead             Necr           4%         N/A       54%         4
 Portal Projectile        Hex/Tloc       0%         N/A       67%         3
 Agony                    Necr           9%         N/A       88%         5
 Excruciating Wounds      Necr           4%         N/A       88%         5
 Blade Hands              Tmut           0%         N/A       100%        5


Dungeon Overview and Level Annotations

Branches:
Dungeon (2/15)

Altars:


Innate Abilities, Weirdness & Mutations

You are too large for most types of armour.
You have claws for hands.
Your natural rate of healing is unusually fast.
You are covered in fur. (AC +1)
You have tough skin. (AC +1)


Message History

The worm blinks!
The rat blinks!
The adder blinks!
You blink.
A ball python and a goblin come into view.
Found 8 gold pieces.
The goblin shouts!
It was a potion of berserk rage.
A red film seems to cover your vision as you go berserk!
You feel yourself moving faster!
You feel mighty!
The phantom hits you but does no damage.
You closely miss the phantom. The phantom barely misses you.
You hit the phantom.
The phantom is lightly damaged.
The phantom hits you.
You closely miss the phantom.
The phantom is lightly damaged.
The phantom hits you.
You barely miss the phantom.
The phantom is lightly damaged.
The phantom hits you!
You closely miss the phantom. The phantom hits you.
* * * LOW HITPOINT WARNING * * *
The phantom blinks!
You blink.
Found 8 gold pieces.
You closely miss the phantom. The phantom hits you.
* * * LOW HITPOINT WARNING * * *
You hit the phantom.
The phantom is moderately damaged.
You barely miss the phantom.
The phantom is moderately damaged.
The phantom closely misses you.
You barely miss the phantom.
The phantom is moderately damaged.
The phantom hits you.
* * * LOW HITPOINT WARNING * * *
You closely miss the phantom.
The phantom is moderately damaged.
The phantom hits you.
* * * LOW HITPOINT WARNING * * *
You closely miss the phantom.
The phantom is moderately damaged.
The phantom hits you.
You die...

######
.######....#######$##.
...$......SglW@.......
.#.####.#..#w#########
####.#.§# #<##.##.#
#.##...§..#
#.#####...#### #.#
#.§.#..# #.# #...#..#
#.# #......#


You could see a phantom, a worm, a goblin, a ball python and a frilled lizard.

Vanquished Creatures
  A dart slug (D:1)
  2 endoplasms (D:1)
  2 goblins (D:1)
  A hobgoblin (D:1)
  2 jackals (D:1)
  A quokka (D:1)
  3 bats (D:1)
  A frilled lizard (D:1)
  2 kobolds (D:1)
  2 rats (D:1)
17 creatures vanquished.

Notes
Turn   | Place    | Note
-------+----------+-------------------------------------------
     0 | D:1      | zeram the Troll Necromancer began the quest for the Orb.
     0 | D:1      | Reached XP level 1. HP: 16/16 MP: 1/1
   402 | D:1      | Reached XP level 2. HP: 24/24 MP: 0/2
   510 | D:1      | Found a faded altar of an unknown god.
  1172 | D:2      | Noticed a phantom
  1200 | D:2      | Slain by a phantom

Illustrated notes

Levels and vault maps discovered:
D:1:      dpeg_arrival_rooms_c, layout_basic,
          shapermc_ecumenical_altar_starsandcircs,
          chequers_serial_rivers_room_a, chequers_serial_rivers_micro_e
D:2:      layout_basic, basic_altar, minmay_indecisive_spiral

Action                   || total
-------------------------++-------
Melee: Club              ||    75
 Cast: Pain              ||    12
  Use: Potion            ||     1
Armor: Robe              ||    31
Dodge: Dodged            ||    48
